 Dungeon Crawl Stone Soup version 0.22.1-2-g9c5b331 (webtiles) character file.

49 pkoi the Conjurer (level 3, 0/26 HPs)
             Began as a Draconian Conjurer on Jan 3, 2019.
             Slain by an ogre
             ... wielding a +0 giant club
              (26 damage)
             ... on level 2 of the Dungeon.
             The game lasted 00:04:24 (1794 turns).

pkoi the Conjurer (Draconian Conjurer)              Turns: 1794, Time: 00:04:25

Health: 0/26       AC:  5    Str: 10    XL:     3   Next: 51%
Magic:  1/6        EV: 12    Int: 16    God:
Gold:   30         SH:  0    Dex: 11    Spells: 3/6 levels left

rFire    . . .     SeeInvis .   g - +0 whip (curse)
rCold    + . .     Gourm    .   (no shield)
rNeg     . . .     Faith    .   (armour unavailable)
rPois    .         Spirit   .   (helmet restricted)
rElec    .         Reflect  .   (no cloak)
rCorr    .         Harm     .   (no gloves)
MR       .....                  (no boots)
Stlth    ++........             (no amulet)
HPRegen  0.08/turn              c - ring of protection from cold
MPRegen  0.10/turn              (no ring)

@: no status effects
A: unfitting armour, cold-blooded, AC +5
a: no special abilities


You were on level 2 of the Dungeon.
You were not hungry.

You visited 1 branch of the dungeon, and saw 2 of its levels.

You collected 30 gold pieces.

Inventory:

Hand Weapons
 g - a cursed +0 whip (weapon)
Jewellery
 c - a ring of protection from cold (left hand)
 j - a cursed ring of attention {unknown}
 o - a cursed ring of teleportation {unknown}
Wands
 l - a wand of acid (9)
Scrolls
 a - a scroll of enchant weapon {unknown}
 e - 3 scrolls of remove curse {unknown}
 h - a scroll of enchant armour {unknown}
 n - 2 scrolls of identify {unknown}
Potions
 f - 2 potions of magic
 k - a potion of berserk rage {unknown}
 m - a potion of agility {unknown}
Comestibles
 b - a ration
 d - 3 chunks of flesh


   Skills:
 - Level 1.9 Dodging
 - Level 1.8 Stealth
 - Level 2.0 Spellcasting
 + Level 5.2 Conjurations


You had 3 spell levels left.
You knew the following spells:

 Your Spells              Type           Power        Failure   Level  Hunger
a - Magic Dart            Conj           ###.         2%          1    #......
b - Searing Ray           Conj           ###...       3%          2    ###....

Your spell library contained the following spells:

 Spells                   Type           Power        Failure   Level  Hunger
 Dazzling Spray           Conj/Hex       #.....       22%         3    ###....
 Iskenderun's Mystic Bla  Conj           ###.....     24%         4    #####..
 Force Lance              Conj/Tloc      #.......     56%         4    #####..
 Fulminant Prism          Conj/Hex       #.........   56%         4    #####..


Dungeon Overview and Level Annotations

Branches:
Dungeon (2/15)

Altars:
The Shining One


Innate Abilities, Weirdness & Mutations

Your plain brown scales are hard. (AC +5)
You cannot fit into any form of body armour.
You are cold-blooded and may be slowed by cold attacks.


Message History

The searing ray hits the ogre.
The ogre is heavily wounded.
You finish channeling your searing ray.
Casting: Searing Ray (safe; 3% risk of failure)
Confirm with . or Enter, or press ? or * to list all spells.
Aiming: Magic Dart (safe; 2% risk of failure)
Press: ? - help, Shift-Dir - straight line, f/p - ogre
Aim: an ogre, wielding a giant club (heavily wounded)
The magic dart hits the ogre.
The ogre is heavily wounded.
Casting: Magic Dart (safe; 2% risk of failure)
Confirm with . or Enter, or press ? or * to list all spells.
Aiming: Magic Dart (safe; 2% risk of failure)
Press: ? - help, Shift-Dir - straight line, f/p - ogre
Aim: an ogre, wielding a giant club (heavily wounded)
The magic dart hits the ogre.
The ogre is severely wounded.
The ogre hits you with a giant club!!
Ouch! That really hurt!
You die...

##..##..⌠..##..###.#
##..##...##..## #.#
##..##.##..## #.# ##..###..##
#.# #...#..## #.#
#####.#.#.## #.##########
......#...# #..........#
########.#########.....####.#
#.........O@......####.#
#.####.######..<....##.#
#.###...# #.###.#.##.#
#.#.....# #.....#.##.#
##.#.#...# #####......#
#.......## ###.#### #.......#
####..### ## #.##>#.##
#.......# .####....#.#
#.##.##.#


You could see an ogre.

Vanquished Creatures
  An adder (D:2)
  An ooze (D:1)
  A worm (D:2)
  2 dart slugs (D:2)
  A leopard gecko (D:2)
  2 giant cockroaches
  3 goblins
  2 hobgoblins (D:1)
  A quokka (D:2)
  2 bats
  6 kobolds
  9 rats
31 creatures vanquished.

Notes
Turn   | Place    | Note
-------+----------+-------------------------------------------
     0 | D:1      | pkoi the Draconian Conjurer began the quest for the Orb.
     0 | D:1      | Reached XP level 1. HP: 14/14 MP: 3/3
   283 | D:1      | Reached XP level 2. HP: 20/20 MP: 0/5
  1045 | D:2      | Noticed an ogre
  1055 | D:2      | Learned a level 2 spell: Searing Ray
  1340 | D:2      | Reached XP level 3. HP: 26/26 MP: 3/6
  1398 | D:2      | Reached skill level 5 in Conjurations
  1720 | D:2      | Found a glowing golden altar of the Shining One.
  1794 | D:2      | Slain by an ogre

Skill      XL: |  1  2  3 |
---------------+----------+-----
Conjurations   | 5 |  5.2
Dodging        | |  1.9
Stealth        | |  1.8
Spellcasting   | |  2.0

Action                   || total
-------------------------++-------
Melee: Unarmed           ||    15
       Tailslap          ||     2
       Whip              ||    14
 Cast: Magic Dart        ||    64
       Searing Ray       ||     2
  Use: Potion            ||     2
 Stab: Sleeping          ||     1
  Eat: Chunk             ||     4
Armor: Skin              ||     5
Dodge: Dodged            ||    22
